 Dungeon Crawl Stone Soup version 0.20-a0-876-g2c7b0bf (webtiles) character file.

713 Goblin1989 the Covert (level 7, -1/33 HPs)
             Began as a Spriggan Assassin on Mar 15, 2017.
             Was a Believer of Ashenzari.
             Slain by an iguana (7 damage)
             ... on level 9 of the Dungeon.
             The game lasted 00:53:36 (7068 turns).

Goblin1989 the Covert (Spriggan Assassin)           Turns: 7068, Time: 00:53:37

Health: -1/33      AC:  4    Str: 11    XL:     7   Next: 41%
Magic:  8/8        EV: 17    Int: 13    God:    Ashenzari [**....]
Gold:   238        SH:  0    Dex: 19    Spells: 6/6 levels left

rFire    . . .     SeeInvis +   a - +2 dagger (curse)
rCold    . . .     Gourm    .   T - +1 robe of Zaralac {SInv}
rNeg     . . .     Faith    .   (shield restricted)
rPois    +         Spirit   .   (helmet restricted)
rElec    .         Reflect  .   d - +0 cloak (curse)
rCorr    .         Harm     .   (gloves unavailable)
MR       +....     Clarity  +   (boots unavailable)
Stlth    ++++++....             (no amulet)
Regen    0.2/turn               (no ring)
MPRegen  0.2/turn               C - +4 ring of strength

@: very slightly contaminated, very quick
A: unfitting armour, claws 1, see invisible, clarity, herbivore 3, speed 3,
poison resistance, slow metabolism 2
a: Curse Item, Scrying, Renounce Religion


You were on level 9 of the Dungeon.
You worshipped Ashenzari.
Ashenzari was pleased with you.
You were not hungry.

You visited 2 branches of the dungeon, and saw 10 of its levels.

You collected 238 gold pieces.

Inventory:

Hand Weapons
 a - a cursed +2 dagger (weapon)
 b - a +0 hand axe
 j - a +0 whip
 l - a +0 spear
 n - a +0 hunting sling of freezing
 t - a +0 trident
 w - a +0 blowgun {@w1}
 z - a +0 whip
 A - a +0 hand axe
 D - a +0 flail
 G - a +0 falchion
 J - a +0 short sword
 K - a +0 flail
 N - a +0 rapier
 O - a +0 short sword
 V - a +0 whip
 W - a +1 hand axe of venom
 X - a +0 falchion
Missiles
 g - 8 poisoned needles
 h - 148 stones (quivered)
 s - 29 bolts
Armour
 c - a +0 leather armour
 d - a cursed +0 cloak (worn)
 i - a cursed +0 scale mail
 u - a +0 scale mail
 H - a +0 plate armour
 M - a +0 leather armour
 T - the +1 robe of Zaralac (worn) {SInv}
   (You found it on level 5 of the Dungeon)

   It lets you see invisible.
 Y - a +0 leather armour
 Z - a +0 ring mail
Jewellery
 m - an uncursed ring of protection from magic
 C - a +4 ring of strength (left claw)
 I - an uncursed ring of fire
Wands
 L - a wand of lightning (0/15)
Scrolls
 f - a scroll of amnesia {unknown}
 x - 3 scrolls of enchant armour {unknown}
 y - a scroll of recharging {unknown}
 E - 2 scrolls of teleportation {unknown}
 U - 2 scrolls of immolation {unknown}
Potions
 o - a potion of magic
 p - a potion of haste
 r - a potion of heal wounds
 v - 2 potions of cancellation
 F - a potion of lignification
 Q - a potion of agility
 R - a potion of berserk rage {unknown}
 S - a potion of mutation
Books
 P - a book of Flames

   Spells                             Type                      Level
   a - Flame Tongue                   Conjuration/Fire             1
   b - Throw Flame                    Conjuration/Fire             2
   c - Conjure Flame                  Conjuration/Fire             3
   d - Inner Flame                    Hexes/Fire                   3
   e - Sticky Flame                   Conjuration/Fire             4
   f - Fireball                       Conjuration/Fire             5
Comestibles
 e - 5 bread rations {@e1}
 k - 4 meat rations {@e2}
 q - 4 royal jellies


   Skills:
 - Level 1.5 Fighting
 - Level 2.1(3.9) Short Blades
 - Level 2.0 Throwing
 - Level 1.5 Dodging
 + Level 13.4 Stealth


You had 6 spell levels left.
You didn't know any spells.

Dungeon Overview and Level Annotations

Branches:
Dungeon (9/15)             Temple (1/1) D:6
   Lair: D:8-11         Orc: D:9-12

Altars:
Ashenzari
Cheibriados
Dithmenos
Elyvilon
Fedhas
Gozag
Hepliaklqana
Kikubaaqudgha
Makhleb
Nemelex Xobeh
Okawaru
Qazlal
Ru
Sif Muna
Uskayaw
Vehumet
Wu Jian
Xom
Yredelemnul
Zin
The Shining One

Shops:
D:8 =%=

Annotations:
D:2 exclusion: ooze, Jessica
D:3 exclusion: Sigmund, Sigmund
D:4 Azzok's ghost, amateur GrFE; Robin
D:5 exclusions: orc priest and orc wizard, Dowan; Eustachio
D:7 exclusions: centaur and ice beast
D:8 exclusions: orc priest and phantom, Erica; Grum; Psyche


Innate Abilities, Weirdness & Mutations

You are very small and have problems with some larger weapons.
You are too small for most types of armour.
You have supernaturally acute eyesight. (SInv)
You are a herbivore.
You cover ground extremely quickly.
You need consume almost no food.
You have sharp fingernails.
You possess an exceptional clarity of mind.
Your system is resistant to poisons. (rPois)


Message History

The leopard gecko is heavily wounded.
The leopard gecko completely misses you.
You hit the leopard gecko.
You kill the leopard gecko!
You see here a +0 club.
Really walk into a travel-excluded area? [Y]es or [N]o only, please.
Really walk into a travel-excluded area?
Unknown command.
You see here a +0 club.
An ice beast comes into view.
You hit the ice beast.
The ice beast is lightly wounded.
A bullfrog comes into view.
You catch the helpless bullfrog completely off-guard!
You stick the bullfrog like a pincushion!!!
You kill the bullfrog!
Unknown command.
An orc, 2 orc wizards and a wight come into view.
Ashenzari warns you: The orc is wielding a hand axe of pain.
The orc wizard shouts!
The orc shouts!
Really walk into a travel-excluded area? [Y]es or [N]o only, please.
Really walk into a travel-excluded area?
There is a stone staircase leading down here.
The ice beast closely misses you.
You climb downwards.
There is a stone staircase leading up here.
The ice beast hits you. The ice beast freezes you!
There is a stone staircase leading up here.
You take 10 damage, and have 23/33 hp.
MASSIVE DAMAGE!!
You found a teleport trap!
Found a stone staircase leading up.
An iguana comes into view.
There is a stone staircase leading up here.
R - a sapphire potion
Found a shimmering altar of Xom.
You now have 238 gold pieces (gained 13).
A bullfrog comes into view.
The bullfrog gives a loud, deep croak!
A crimson imp comes into view.
A scorpion comes into view.
The bullfrog closely misses you. The bullfrog hits you.
You take 6 damage, and have 22/33 hp.
The bullfrog barely misses you.
You hit the bullfrog.
The bullfrog is lightly wounded.
The bullfrog closely misses you.
You hit the bullfrog.
The bullfrog is moderately wounded.
The bullfrog misses you.
You hit the bullfrog but do no damage.
The bullfrog is moderately wounded.
The bullfrog misses you.
You hit the bullfrog.
The bullfrog is moderately wounded.
The bullfrog barely misses you. The bullfrog closely misses you.
You hit the bullfrog.
The bullfrog is heavily wounded.
The bullfrog barely misses you.
You barely miss the bullfrog.
The bullfrog is heavily wounded.
The bullfrog misses you.
You closely miss the bullfrog.
The bullfrog is heavily wounded.
The bullfrog hits you.
You take 4 damage, and have 19/33 hp.
You barely miss the bullfrog.
The bullfrog is heavily wounded.
The bullfrog closely misses you. The bullfrog hits you.
You take 1 damage, and have 18/33 hp.
You closely miss the bullfrog.
The bullfrog is heavily wounded.
The bullfrog hits you.
You take 3 damage, and have 15/33 hp.
You miss the bullfrog.
The bullfrog is heavily wounded.
The bullfrog hits you.
* * * LOW HITPOINT WARNING * * *
You take 3 damage, and have 12/33 hp.
You hit the bullfrog.
The bullfrog is severely wounded.
The bullfrog hits you but does no damage.
You completely miss the bullfrog.
The bullfrog is severely wounded.
The bullfrog misses you.
You closely miss the bullfrog.
The bullfrog is severely wounded.
The bullfrog misses you. The bullfrog hits you!
* * * LOW HITPOINT WARNING * * *
You take 7 damage, and have 5/33 hp.
MASSIVE DAMAGE!!
Okay, then.
Blink to where?
Press: ? - help, Dir - move target cursor You are very lightly contaminated with residual magic.
As you read the scroll of blinking, it crumbles to dust.
The iguana bites you!
You die...

█...█ █...█ █...█ █...█
█..Y█ █...█ █...█
████████..l███████████████
·>
.........@...§F...........
▓ ▓▓
█████..██████████████████
█..█ █..█ █.Y█ █..█ █..█ ▓
▓ █████..█████████ ▓ ▓
.........<.......·


You could see an ice beast (wandering), a bullfrog and an iguana.

Vanquished Creatures
  A sky beast (D:5)
  2 bullfrogs
  A howler monkey (D:3)
  A bullfrog zombie (D:6)
  5 hounds
  A centaur skeleton (D:8)
  Ijyb (D:3)
  3 worker ants
  A worker ant zombie (D:7)
  3 adders
  A shadow imp (D:5)
  2 dart slugs
  2 leopard geckos
  14 orcs
  4 ball pythons (D:1)
  5 bats
  A giant cockroach (D:3)
  10 goblins
  7 hobgoblins
  8 jackals
  5 kobolds
  2 quokkas
  5 frilled lizards
  A jackal zombie (D:6)
  5 rats
91 creatures vanquished.

Notes
Turn   | Place    | Note
-------+----------+-------------------------------------------
     0 | D:1      | Goblin1989 the Spriggan Assassin began the quest for the Orb.
     0 | D:1      | Reached XP level 1. HP: 10/10 MP: 2/2
    29 | D:1      | Reached skill level 6 in Stealth
    38 | D:1      | Iwannabefree: ту тидиус
    69 | D:1      | Iwannabefree: можно по майлстоунам
    84 | D:1      | Wingboner: В смысле?
    86 | D:1      | Iwannabefree: ноя не умею
    93 | D:1      | Iwannabefree: ну популярность
    93 | D:1      | Goblin1989: так
    93 | D:1      | Iwannabefree: берут как правило то что лучше.
    93 | D:1      | Wingboner: Так старая Сиф была действительно так себе.
    93 | D:1      | Goblin1989: 5 левел слишком мало
    93 | D:1      | Iwannabefree: thismonth сделай
    93 | D:1      | Goblin1989: пробуем 8 левелов набирать
    93 | D:1      | Iwannabefree: или lastmonth
    93 | D:1      | Wingboner: Многие не читают обновления.
    93 | D:1      | Wingboner: Так что не знают.
   107 | D:1      | Iwannabefree: Ясн)
   118 | D:1      | Wingboner: Но можно так попробовать...
   146 | D:1      | Reached XP level 2. HP: 14/14 MP: 3/3
   245 | D:1      | Wingboner: !lg greatplayers sif thismonth /won
   246 | D:1      | beem: 3/27 games for greatplayers (sif thismonth): N=3/27 (11.11%)
   289 | D:1      | Wingboner: !lg greatplayers vehumet thismonth /won
   291 | D:1      | beem: 8/49 games for greatplayers (vehumet thismonth): N=8/49 (16.33%)
   373 | D:1      | Iwannabefree: ну вот
   400 | D:1      | Wingboner: Мало игр, к сожалению.
   403 | D:1      | Wingboner: На 27 игр это не статистика.
   427 | D:1      | Iwannabefree: !lg greatplayers lastmonth vehumet /won
   427 | D:1      | Goblin1989: казуал
   427 | D:1      | beem: 19/88 games for greatplayers (lastmonth vehumet): N=19/88 (21.59%)
   427 | D:1      | Goblin1989: есть одно но
   427 | D:1      | Iwannabefree: !lg greatplayers lastmonth sif /won
   427 | D:1      | beem: 5/52 games for greatplayers (lastmonth sif): N=5/52 (9.62%)
   427 | D:1      | Goblin1989: у тебя все-таки опыта побольше будет
   427 | D:1      | Iwannabefree: ну ты понял суть.
   427 | D:1      | Goblin1989: иван проиграет
   429 | D:1      | Wingboner: Кек.
   462 | D:1      | Wingboner: Не факт, он вроде неплохо играет.
   463 | D:1      | Wingboner: А я больше по фану.
   463 | D:1      | Goblin1989: не
   463 | D:1      | Goblin1989: все равно
   463 | D:1      | Goblin1989: бы кроул больше времени знаешь
   463 | D:1      | Goblin1989: *ты
   542 | D:1      | Reached skill level 7 in Stealth
   661 | D:1      | Iwannabefree: никто не играет на сиф не просто так.
   795 | D:2      | Iwannabefree: была бы она такой замечательной у нее было бы больше фанатов
   806 | D:2      | Iwannabefree: ну и винрейт очевиден
   833 | D:2      | Found a shattered altar of Ashenzari.
   851 | D:2      | Became a worshipper of Ashenzari the Shackled
   889 | D:2      | Iwannabefree: суть фулл кастера это как можно раньше выйти в девятки
   889 | D:2      | Reached XP level 3. HP: 18/18 MP: 4/4
   903 | D:2      | Iwannabefree: сифа нихуя этому не способствует
   916 | D:2      | Wingboner: Ну, как хочешь. Лично мне Сиф со своей дикой +маной на первой звезде помогает намного больше, чем Вех, если хорошая стартовая книга. На Wz, VM, EE я возьму Веха, а вот на FE, IE, AE — Сиф.
   972 | D:2      | Iwannabefree: я на всем возьму веха.
   982 | D:2      | Iwannabefree: потому что сиф нинужна.
   982 | D:2      | Wingboner: Сиф способствует тому, что у тебя гарантированно будет девятка под именно твою школу.
   982 | D:2      | Wingboner: И некромут.
  1000 | D:2      | Found a white marble altar of Elyvilon.
  1001 | D:2      | Wingboner: И дмсл.
  1033 | D:2      | Wingboner: И реген.
  1039 | D:2      | Iwannabefree: Вех дарит девятки
  1039 | D:2      | Noticed Jessica
  1053 | D:2      | Wingboner: Угу. Ты FE? Держи шаттер, торнадо и чейн лайтинг.
  1054 | D:2      | Iwannabefree: Некромут и реген не обязательны, дефлект аж в двух книгах
  1075 | D:2      | Iwannabefree: С вехом ты без проблем перейдешь в эир
  1111 | D:2      | Iwannabefree: Ну и там шансы на спелл от скилла зависят
  1129 | D:2      | Wingboner: А с Сиф у тебя будет ignition, fire storm, ring of flames и прочая мудня.
  1134 | D:2      | Reached skill level 8 in Stealth
  1138 | D:2      | Wingboner: А вот НЕТ.
  1139 | D:2      | Wingboner: Не зависят.
  1264 | D:2      | Wingboner: Это выпилили.
  1265 | D:2      | Iwannabefree: lol
  1275 | D:2      | Iwannabefree: ??veh gift
  1304 | D:2      | beem: I don't have a page labeled veh_gift in my learndb.
  1439 | D:2      | Iwannabefree: ??veh
  1439 | D:2      | beem: vehumet[1/2]: The god of destructive magic. Offers you the opportunity to memorize up to 15 different destructive spells over the course of the game, beginning with a L1 spell at * piety and loosely weighted by elemental skills. Provides mana on kills at * piety, {wizardry} bonus for destructive spells at *** piety, and extra range at **** piety.
  1515 | D:3      | Iwannabefree: ??veh [2
  1531 | D:3      | Reached * piety under Ashenzari
  1532 | D:3      | beem: vehumet[2/2]: At *** piety, Vehumet reduces spell failure for: any Conjuration, Airstrike, Ignite Poison, Ozocubu's Refrigeration, Sandblast, LRD, Shatter, Tornado, Freeze, OTR, Inner Flame. The change in success chance is like wearing 2 sources of {wizardry}, but isn't considered wizardry for stacking purposes.
  1595 | D:3      | Wingboner: ??vehumet gifts
  1597 | D:3      | beem: I don't have a page labeled vehumet_gifts in my learndb.
  1613 | D:3      | Wingboner: Я ж говорю — выпилили.
  1638 | D:3      | Wingboner: Если хочешь, коммит найду.
  1707 | D:3      | Iwannabefree: все лучше чем кастовать тот же фш к депсам.
  1728 | D:3      | Noticed Sigmund
  1737 | D:4      | Wingboner: Я кастую игнишен к орк2.
  1783 | D:3      | Iwannabefree: c 60 фейла
  1862 | D:4      | Wingboner: 40%, и это пофигу.
  1881 | D:4      | Wingboner: Потому что маны хватает =)
  1883 | D:4      | Noticed Azzok's ghost (amateur GrFE)
  1925 | D:4      | Wingboner: И то начинал как AE. Два раза.
  1937 | D:4      | Wingboner: Оба раза так было.
  1972 | D:4      | Iwannabefree: я с вехом на вомпэре кастовал к свампу
  1979 | D:4      | Wingboner: Брал Сиф, чтобы гарантированно получить игнишен.
  1980 | D:4      | Iwannabefree: и это при том что стартовал тмутером
  1983 | D:4      | Noticed an ogre
  2037 | D:4      | Wingboner: И AE, чтобы затестить новую книгу.
  2072 | D:4      | Reached XP level 4. HP: 21/22 MP: 5/5
  2116 | D:3      | Wingboner: Билд странноват. Вот без книги идти в стабера Эша это как-то не оче.
  2155 | D:4      | Wingboner: Но посмотрим, что из этого получится.
  2166 | D:4      | Noticed a centaur
  2454 | D:3      | Reached skill level 9 in Stealth
  2460 | D:3      | Noticed Ijyb
  2862 | D:3      | Gained mutation: You are robust. (+10% HP) [potion of mutation]
  2862 | D:3      | Gained mutation: Your system is resistant to poisons. (rPois) [potion of mutation]
  2862 | D:3      | Gained mutation: You possess an exceptional clarity of mind. [potion of mutation]
  2862 | D:3      | Gained mutation: You evolve. [potion of mutation]
  2930 | D:3      | Killed Ijyb
  2930 | D:3      | Reached XP level 5. HP: 6/27 MP: 6/6
  3364 | D:4      | Noticed Robin
  3497 | D:5      | Entered Level 5 of the Dungeon
  3500 | D:5      | Reached skill level 10 in Stealth
  3610 | D:5      | Got the uncursed robe of Zaralac {SInv}
  3623 | D:5      | Noticed Dowan
  3673 | D:5      | Noticed Eustachio
  3724 | D:5      | Noticed a sky beast
  3728 | D:5      | Killed a sky beast
  3728 | D:5      | Reached skill level 11 in Stealth
  3728 | D:5      | Reached XP level 6. HP: 33/33 MP: 7/7
  3732 | D:5      | Goblin1989: вот ведь гаденыш!
  3732 | D:5      | Wingboner: ?
  3732 | D:5      | Goblin1989: как узнать какой монстр проснется а какой нет?
  3732 | D:5      | Goblin1989: у теня стелсу уже до 10 вкачано!
  3733 | D:5      | Wingboner: Там тупо шанс, каждый ход когда моб тебя видит кидается кубик.
  3762 | D:5      | Wingboner: Именно поэтому стелс сам по себе не является годной тактикой.
  3770 | D:5      | Wingboner: Потому что 100% всех не застабаешь стелсом.
  3770 | D:5      | Wingboner: И нужно что-то вдобавок.
  3770 | D:5      | Goblin1989: у мне другого выбора нету
  3770 | D:5      | Wingboner: Так As это не стабер.
  3770 | D:5      | Goblin1989: небольшой шанс что аш посказывать начнет
  3770 | D:5      | Goblin1989: и шанс на спавн раннего лэйера
  3770 | D:5      | Wingboner: Ну тут ты сам виноват, что Эша взял. Какой-нибудт другой бог тебе сильнее помог бы.
  3770 | D:5      | Goblin1989: и шанс на что что на входе в слаймы алтарь дживы будет заспавнен
  3770 | D:5      | Wingboner: Кек.
  3770 | D:5      | Wingboner: А потом ты возьмёшь этот алтарь...
  3770 | D:5      | Wingboner: И получишь штраф Эша.
  3770 | D:5      | Goblin1989: ну ты меня понял что я хочу сделать ^_^
  3770 | D:5      | Wingboner: И будешь ТАКОЕ говно, что тебя убьёт следующая же крыса.
  3770 | D:5      | Goblin1989: да пофиг
  3770 | D:5      | Wingboner: -4 ко всем скилам.
  3770 | D:5      | Iwannabefree: гнев аши страшен
  3770 | D:5      | Iwannabefree: один раз дропал
  3770 | D:5      | Wingboner: Да.
  3770 | D:5      | Goblin1989: если будет ****** паети дживы я возьму руну!
  3770 | D:5      | Iwannabefree: больши не буду
  3781 | D:6      | Wingboner: Я тоже. Реально бог БДСМ.
  3789 | D:6      | Noticed an orc warrior
  3878 | D:6      | Found a staircase to the Ecumenical Temple.
  3884 | Temple   | Entered the Ecumenical Temple
  4023 | D:6      | Iwannabefree: зачем у тебя автоэксклюд желе
  4023 | D:5      | Iwannabefree: оно же безопасное
  4027 | D:5      | Goblin1989: ну сейчас вот помогло
  4029 | D:5      | Wingboner: Скорее всего чтобы потом уйти к Живе и быстро набрать благодати.
  4307 | D:6      | Gained mutation: You have sharp fingernails. [evolution]
  4559 | D:6      | Reached skill level 12 in Stealth
  4990 | D:7      | Identified the +1 robe of Zaralac {SInv} (You found it on level 5 of the Dungeon)
  5258 | D:7      | Reached ** piety under Ashenzari
  5457 | D:7      | Lost mutation: You are robust. (+10% HP) [evolution]
  5457 | D:7      | Lost mutation: You evolve. [end of evolution]
  5549 | D:7      | Reached XP level 7. HP: 29/33 MP: 8/8
  5856 | D:8      | Goblin1989: так
  5856 | D:8      | Goblin1989: вот с этого уровня лэйер может появиться
  5856 | D:8      | Goblin1989: надо искать
  5933 | D:8      | Found Vada's Jewellery Boutique.
  5943 | D:8      | Reached skill level 13 in Stealth
  5963 | D:8      | Noticed Erica
  5964 | D:8      | Goblin1989: ааааа
  5964 | D:8      | Goblin1989: гг кажется
  5964 | D:8      | Goblin1989: сейчас эрика свой дилдо достанет и отымеет
  5990 | D:8      | Found Heuzecea's Jewellery Shop.
  6081 | D:8      | Noticed Grum
  6105 | D:8      | Noticed Psyche
  6125 | D:8      | Found Ecwis's Food Boutique.
  6127 | D:8      | Wingboner: @?wolf
  6127 | D:8      | beem: wolf (h)
                  | Spd:
    17 | HD: 4    | HP: 18-26
                  | AC/EV: 4/15
                  | Dam: 12
                  | see invisible
                  | Res: magic(20), blind
                  | XP:
   116 | Sz: Medium | Int: animal.
  6127 | D:8      | Wingboner: Лол, скорость 17.
  6151 | D:8      | Wingboner: @?spriggan
  6151 | D:8      | beem: spriggan (i)
                  | Spd: 10 (move: 60%)
                  | HD: 7
                  | HP: 19-29
                  | AC/EV: 3/18
                  | Dam: 15
                  | weapons, items, doors, see invisible
                  | Res: magic(60)
                  | XP:
   216 | Sz: little | Int: human.
  6813 | D:8      | Goblin1989: а от смотри
  6813 | D:8      | Goblin1989: если я спускаясо по леснице попаду на того орка что на тайле лесницы стоит что произойдет
  6813 | D:8      | Goblin1989: на вот этого конкретней если выразиться
  6813 | D:8      | Wingboner: Не знаю, я никогда с таким не сталкивался.
  6813 | D:8      | Wingboner: Скорее всего его отпихнёт.
  6813 | D:8      | Wingboner: Как когда ты поднимаешься с пачкой.
  6813 | D:8      | Goblin1989: главное, чтобы он не проснулся при этом
  6999 | D:9      | Found a shimmering altar of Xom.
  7068 | D:9      | Slain by an iguana

Vault maps used:
D:1:      mrwooster_arrival_statue_2
D:2:      elyvilon_altar_4, minmay_statues_item, evilmike_ruin_ashenzari,
          uniq_jessica
D:3:      cheibrodos_greedy_goblins, uniq_sigmund, uniq_iyjb
D:4:      hangedman_decor_opposing, uniq_robin
D:5:      first_bread, minmay_misc_feat_rows, uniq_eustachio, uniq_duvessa
D:6:      minmay_temple_entry_hall
D:7:      minmay_misc_feat_columns
D:8:      serial_glass, glass_columns_b, glass_columns_c, glass_columns_c,
          glass_columns_a, serial_shops, shop, shop, shop, shop, the_bakery,
          uniq_erica, uniq_psyche, uniq_grum
D:9:      basic_altar, uniq_pikel
Temple:   regret_index_temple_sigil_plot

Skill      XL: |  1  2  3  4  5  6  7 |
---------------+----------------------+-----
Stealth        | 6 7 8 9 11 12 13 | 13.4
Fighting       | |  1.5
Short Blades   | |  2.1
Throwing       | |  2.0
Dodging        | |  1.5

Action                   |  1- 3 |  4- 6 |  7- 9 || total
-------------------------+-------+-------+-------++-------
Melee: Dagger            |   110 |   266 |    63 ||   439
Throw: Stone             |       |    42 |       ||    42
Invok: Curse Item        |     1 |     1 |       ||     2
Evoke: Wand              |       |     5 |       ||     5
  Use: Potion            |     2 |     2 |       ||     4
       Scroll            |       |       |     7 ||     7
 Stab: Sleeping          |    23 |     4 |     1 ||    28
       Distracted        |     1 |     1 |     2 ||     4
  Eat: Fruit             |       |     4 |       ||     4
Armor: Robe              |    14 |    26 |     3 ||    43
Dodge: Dodged            |    59 |   173 |    50 ||   282

Vault maps used:
D:1:      mrwooster_arrival_statue_2
D:2:      elyvilon_altar_4, minmay_statues_item, evilmike_ruin_ashenzari,
          uniq_jessica
D:3:      cheibrodos_greedy_goblins, uniq_sigmund, uniq_iyjb
D:4:      hangedman_decor_opposing, uniq_robin
D:5:      first_bread, minmay_misc_feat_rows, uniq_eustachio, uniq_duvessa
D:6:      minmay_temple_entry_hall
D:7:      minmay_misc_feat_columns
D:8:      serial_glass, glass_columns_b, glass_columns_c, glass_columns_c,
          glass_columns_a, serial_shops, shop, shop, shop, shop, the_bakery,
          uniq_erica, uniq_psyche, uniq_grum
D:9:      basic_altar, uniq_pikel
Temple:   regret_index_temple_sigil_plot
